 Dungeon Crawl Stone Soup version 0.19.0-19-g8c6edcc (webtiles) character file.

1502 dvd the Twirler (level 8, -3/75 HPs)
             Began as a Troll Warper on Nov 13, 2016.
             Splashed by Pikel's acid (9 damage)
             ... on level 5 of the Dungeon.
             The game lasted 00:16:38 (4669 turns).

dvd the Twirler (Troll Warper)                      Turns: 4669, Time: 00:16:38

Health: -3/75      AC:  8    Str: 20    XL:     8   Next: 52%
Magic:  9/10       EV: 11    Int: 11    God:
Gold:   239        SH:  0    Dex:  9    Spells: 4 memorised, 1 level left

rFire  . . .     SeeInvis .     a - +2 quarterstaff (chaos)
rCold  . . .     Gourm    +     x - +2 robe {rN+}
rNeg   + . .     Faith    .     (shield currently unavailable)
rPois  .         Spirit   .     (helmet restricted)
rElec  .         Reflect  .     y - +0 cloak
rCorr  .         Harm     .     (gloves unavailable)
MR     .....                    (boots unavailable)
Stlth  +.........               (no amulet)
                                (no ring)
                                G - ring of flight

@: drained
A: unfitting armour, claws 3, fast metabolism 3, gourmand, regeneration 1,
shaggy fur 1, tough skin 2
a: Evoke Flight


You were on level 5 of the Dungeon.
You were completely stuffed.

You visited 1 branch of the dungeon, and saw 6 of its levels.

You collected 239 gold pieces.

Inventory:

Hand Weapons
 a - a +2 quarterstaff of chaos (weapon)
 z - a +1 dagger of venom
 F - a +0 hand axe of venom
 J - a +2 flail of draining
Missiles
 k - 2 silver tomahawks
 l - 150 stones
 C - 7 tomahawks (quivered)
Armour
 b - a +0 robe
 x - a +2 robe of positive energy (worn)
 y - a +0 cloak (worn)
Jewellery
 h - an uncursed ring of fire
 u - an uncursed amulet of faith
 G - a ring of flight (left claw)
Wands
 B - a wand of acid (7/15)
 I - a wand of acid (5/15)
Scrolls
 d - 2 scrolls of blinking
 e - 4 scrolls of identify
 g - a scroll of fog {unknown}
 o - 4 scrolls of teleportation {unknown}
 r - a scroll of enchant weapon {unknown}
 s - a scroll of magic mapping {unknown}
 w - 3 scrolls of remove curse {unknown}
 E - a scroll of noise {unknown}
Potions
 i - 3 potions of cancellation {unknown}
 m - a potion of resistance {unknown}
 n - a potion of curing
 q - 2 potions of lignification {unknown}
 t - a potion of brilliance {unknown}
Books
 c - a book of Spatial Translocations

   Spells                             Type                      Level
   a - Blink                          Translocation                2
   b - Shroud of Golubria             Charms/Translocation         2
   c - Lesser Beckoning               Translocation                3
   d - Portal Projectile              Translocation                3
   e - Teleport Other                 Translocation                3
   f - Passage of Golubria            Translocation                4
Comestibles
 f - 7 bread rations
 j - 2 royal jellies
 p - 2 slices of pizza
 v - 2 beef jerkies
 A - a meat ration
 D - 4 fruits
 H - 10 chunks of flesh


   Skills:
 + Level 3.2(3.0) Fighting
 + Level 3.5(4.6) Maces & Flails
 + Level 4.4(4.8) Staves
 + Level 1.1(0.9) Throwing
 + Level 4.4(4.3) Dodging
 + Level 1.0(0.8) Stealth
 + Level 2.4(2.2) Spellcasting
 + Level 1.3(1.2) Charms
 + Level 3.3(3.2) Translocations


You had one spell level left.
You knew the following spells:

 Your Spells              Type           Power        Failure   Level  Hunger
a - Shroud of Golubria    Chrm/Tloc      #.........   21%         2    ###....
b - Blink                 Tloc           N/A          14%         2    ###....
c - Portal Projectile     Tloc           #.....       24%         3    ####...
d - Teleport Other        Tloc           #.......     24%         3    ####...


Dungeon Overview and Level Annotations

Branches:
Dungeon (6/15)
 Temple: D:4-7

Altars:
Dithmenos
Gozag
Kikubaaqudgha
Makhleb
Nemelex Xobeh
Qazlal
Trog

Annotations:
D:5 Pikel


Innate Abilities, Weirdness & Mutations

You are too large for most types of armour.
You have claws for hands.
Your metabolism is lightning-fast.
You like to eat raw meat.
Your natural rate of healing is unusually fast.
You are covered in fur. (AC +1)
You have very tough skin. (AC +2)


Message History

Unknown command.
The slave shouts!
The slave hits you!
Pikel zaps a wand.
The bolt of acid hits you!
* * * LOW HITPOINT WARNING * * *
You are splashed with acid!
The acid burns!
* * * LOW HITPOINT WARNING * * *
You climb upwards.
There is a stone staircase leading down here.
Casting: Shroud of Golubria
Confirm with . or Enter, or press ? or * to list all spells.
You blink.
Unknown command.
Press: ? - help, v - describe, . - travel
Here: Pikel, wielding a whip of freezing, wearing a robe and carrying a wand of acid {zapped: 2} The floor.
Unknown command.
Pikel zaps a wand.
The bolt of acid hits you!
* * * LOW HITPOINT WARNING * * *
You are splashed with acid!
The acid burns!
You die...

..#....###.......................
....#....).......................
..).................#............
....................#............
...>[.......p..p.................
.............###K####..#.....#...
.............# #.# ##.#....#####
.............###.# ###.###....#
................@###...#......##
............#...............#..##
....##.....##.####...............
##########..#.# #(..............
##.#.# #...........#... #...#
##<........##... #####
##...#...###... ######### #...
#...


You could see Pikel and a slave.

Vanquished Creatures
  Sigmund (D:5)
  Duvessa (D:5)
  An ice beast (D:5)
  A slave (D:5)
  An ogre (D:4)
  A centaur (D:5)
  Dowan (D:5)
  2 scorpions
  3 vampire bats (D:4)
  3 crimson imps (D:5)
  3 hounds
  Crazy Yiuf (D:3)
  A bullfrog zombie (D:5)
  An orc priest (D:4)
  An iguana (D:5)
  2 orc wizards (D:5)
  3 worker ants (D:4)
  8 gnolls
  11 adders
  An ooze (D:1)
  An adder skeleton (D:4)
  An adder zombie (D:5)
  2 worms
  A dart slug (D:1)
  3 leopard geckos
  16 orcs
  2 ball pythons (D:1)
  8 bats
  2 bat skeletons (D:4)
  5 bat zombies (D:4)
  7 giant cockroaches
  6 goblins
  4 hobgoblins
  9 jackals
  3 kobolds
  3 quokkas
  4 frilled lizards
  2 leopard gecko skeletons
  A leopard gecko zombie (D:5)
  A quokka skeleton (D:4)
  2 rats (D:1)
130 creatures vanquished.

Vanquished Creatures (collateral kills)
  An orc (D:5)
1 creature vanquished.

Grand Total: 131 creatures vanquished

Notes
Turn   | Place    | Note
-------+----------+-------------------------------------------
     0 | D:1      | dvd the Troll Warper began the quest for the Orb.
     0 | D:1      | Reached XP level 1. HP: 19/19 MP: 1/1
   220 | D:1      | Reached XP level 2. HP: 24/28 MP: 3/3
   282 | D:1      | Learned a level 2 spell: Shroud of Golubria
   528 | D:1      | Reached skill level 1 in Throwing
   560 | D:1      | Reached XP level 3. HP: 35/35 MP: 4/4
   891 | D:1      | You fall through a shaft!
   960 | D:1      | Learned a level 2 spell: Blink
  1513 | D:2      | Reached XP level 4. HP: 42/42 MP: 0/5
  2040 | D:3      | Found a stormy altar of Qazlal.
  2115 | D:3      | Found a runed door.
  2119 | D:3      | Noticed Crazy Yiuf
  2127 | D:3      | Killed Crazy Yiuf
  2127 | D:3      | Reached XP level 5. HP: 42/49 MP: 3/6
  2631 | D:4      | Found a bloodstained altar of Trog.
  2644 | D:4      | Reached XP level 6. HP: 55/57 MP: 3/8
  2655 | D:4      | Reached skill level 1 in Staves
  2866 | D:4      | Found a burning altar of Makhleb.
  3252 | D:4      | Reached XP level 7. HP: 64/66 MP: 9/9
  3264 | D:4      | Found an ancient bone altar of Kikubaaqudgha.
  3364 | D:5      | Entered Level 5 of the Dungeon
  3396 | D:5      | Learned a level 3 spell: Portal Projectile
  3400 | D:5      | Learned a level 3 spell: Teleport Other
  3454 | D:5      | Reached skill level 1 in Charms
  3464 | D:5      | Found a sparkling altar of Nemelex Xobeh.
  3473 | D:5      | Found an opulent altar of Gozag.
  3474 | D:5      | Found a shadowy altar of Dithmenos.
  3734 | D:5      | Noticed Duvessa
  3748 | D:5      | Killed Duvessa
  3748 | D:5      | Reached XP level 8. HP: 63/74 MP: 8/10
  3749 | D:5      | Noticed Dowan
  3765 | D:5      | Killed Dowan
  4319 | D:6      | Noticed Sigmund
  4408 | D:6      | Noticed Pikel
  4487 | D:5      | Killed Sigmund
  4487 | D:5      | Reached skill level 1 in Stealth
  4655 | D:6      | HP: 3/75 [acid (9)]
  4669 | D:5      | Splashed by Pikel's acid

Skill      XL: |  1  2  3  4  5  6  7  8 |
---------------+-------------------------+-----
Dodging        | 2 3 4 |  4.4
Maces & Flails | 2 3 |  3.5
Throwing       | 1 |  1.1
Fighting       | 2 3 |  3.2
Spellcasting   | 2 |  2.4
Staves         | 2 3 4 |  4.4
Charms         | 1 |  1.3
Translocations | 3 |  3.3
Stealth        | 1 |  1.0

Action                   |  1- 3 |  4- 6 |  7- 9 || total
-------------------------+-------+-------+-------++-------
Melee: Mace              |   156 |    46 |       ||   202
       Quarterstaff      |       |    81 |   201 ||   282
Throw: Tomahawk          |     5 |     2 |     3 ||    10
       Stone             |       |       |     1 ||     1
 Cast: Shroud of Golubri |     8 |    11 |    13 ||    32
       Blink             |       |     1 |     2 ||     3
       Portal Projectile |       |       |     1 ||     1
  Use: Scroll            |       |     1 |       ||     1
 Stab: Sleeping          |       |     3 |       ||     3
       Paralysed         |       |       |     3 ||     3
       Petrified         |       |       |     2 ||     2
  Eat: Chunk             |    20 |    18 |    16 ||    54
Armor: Robe              |    97 |    57 |   113 ||   267
Dodge: Dodged            |   138 |    71 |   150 ||   359
